 Dungeon Crawl Stone Soup version 0.27-a0-1219-g958d993ae5 (webtiles) character file.

Game seed: 17285743103847887957

161 siradein the Chopper (level 5, 0/45 HPs)
             Began as a Minotaur Fighter on June 7, 2021.
             Killed by divine providence
             ... invoked by an orc priest
              (11 damage)
             ... on level 4 of the Dungeon.
             The game lasted 00:05:55 (2933 turns).

siradein the Chopper (Minotaur Fighter)             Turns: 2933, Time: 00:05:55

Health: 0/45       AC:  8    Str: 21    XL:     5   Next: 18%
Magic:  4/4        EV:  7    Int:  5    God:
Gold:   78         SH:  9    Dex: 10    Spells: 4/4 levels left

rFire    . . .     SeeInvis .   a - +0 war axe
rCold    . . .     Faith    .   c - +0 kite shield
rNeg     . . .     Spirit   .   b - +0 scale mail
rPois    .         Reflect  .   (helmet restricted)
rElec    .         Harm     .   s - +0 cloak
rCorr    .         Rampage  .   (no gloves)
Will     .....                  (no boots)
Stlth    ..........             f - amulet of regeneration
HPRegen  1.15/turn              (no ring)
MPRegen  0.09/turn              (no ring)

@: no status effects
A: horns 2, retaliatory headbutt
a: no special abilities


You were on level 4 of the Dungeon.
You visited 1 branch of the dungeon, and saw 4 of its levels.

You collected 78 gold pieces.

Inventory:

Hand Weapons
 a - a +0 war axe (weapon)
Missiles
 j - 81 stones (quivered)
 n - 10 poisoned darts
Armour
 b - a +0 scale mail (worn)
 c - a +0 kite shield (worn)
 s - a +0 cloak (worn)
Jewellery
 f - an amulet of regeneration (around neck)
 h - a ring of ice
Wands
 r - a wand of acid (3)
Scrolls
 g - a scroll of blinking {unknown}
 i - a scroll of enchant weapon {unknown}
 k - a scroll of silence {unknown}
 l - 2 scrolls of enchant armour {unknown}
 m - a scroll of teleportation {unknown}
 p - a scroll of fog {unknown}
 t - a scroll of noise {unknown}
Potions
 d - a potion of might
 e - 2 potions of lignification {unknown}
 o - a potion of heal wounds {unknown}
 q - a potion of haste {unknown}


   Skills:
 - Level 3.6 Fighting
 + Level 6.6 Axes
 - Level 3.6 Armour
 - Level 3.6 Shields


You had 4 spell levels left.
You didn't know any spells.
Your spell library was empty.

Dungeon Overview and Level Annotations

Branches:
Dungeon (4/15)
 Temple: D:4-7

Altars:
Trog

Shops:
D:1 :=[**

Annotations:
D:2 1 runed translucent door, Crazy Yiuf
D:4 3 runed translucent doors, lightspider's ghost, amateur HOFi


Innate Abilities, Weirdness & Mutations

You have a pair of horns on your head.
You reflexively headbutt those who attack you in melee.


Message History

Found a stone staircase leading down.
You see here a +0 flail.
You see here an adder corpse.
There is an open door here.
You open the door.
There is an open door here.
Found an escape hatch in the ceiling.
You open the door.
There is an open door here.
t - a scroll labelled OMAFIF IWNINI You now have 78 gold pieces (gained 14).
There is an open door here.
You open the door. 2 orcs and an orc priest come into view.
The orc priest is wielding a +0 dagger of distortion.
The orc priest shouts!
The orc shouts!
Found 16 poisoned darts and a scroll labelled WUMMEM VUURCHI.
The orc hits you with a +0 dagger.
You slash the orc!
You kill the orc!
You barely miss the orc priest. Your headbutt misses the orc priest.
The orc priest hits you but does no damage.
You blink.
You closely miss the orc priest. The orc priest closely misses you.
You furiously retaliate!
You headbutt the orc priest, but do no damage.
You closely miss the orc priest. You slash the orc! The orc closely misses you.
The orc priest invokes the aid of Beogh against you.
Beogh smites you! The orc hits you with a +0 hand axe.
You hit the orc.
You kill the orc!
You barely miss the orc priest.
The orc priest hits you but does no damage.
Space bends around you.
The orc priest hits you with a +0 dagger of distortion.
Space warps horribly around you!!
* * * LOW HITPOINT WARNING * * *
The orc priest mumbles some strange prayers to Beogh against you.
Beogh smites you!
You die...

##..####..###'#########..
#........................
#........................
#...<....................
#..................>...)) #
##....####.##..###..##.). ##.
#....####.##..###+###... #...
#....................... #..o.
#....o.@................
#....(#).).#####..............
#.....'...## ⌠P##.............
#.....#..## K.#......>......
#...?.#..#$.###.+.............
#.... #..#? ....+.............
####... #..#..###.+...##...##..#
##.#######'###...KK#.+###...#####
#........#...##P⌠K##.............


You could see an orc priest.

Vanquished Creatures
  A hound skeleton (D:4)
  3 gnolls (D:4)
  3 adders
  A worm (D:4)
  A dart slug (D:1)
  4 orcs
  11 endoplasms
  3 giant cockroaches
  6 goblins
  6 hobgoblins
  7 jackals
  7 kobolds
  5 quokkas
  7 ball pythons
  3 bats
  5 frilled lizards
  7 rats
80 creatures vanquished.

Vanquished Creatures (others)
  2 fungi (D:4)
  A plant (D:4)
3 creatures vanquished.

Grand Total: 83 creatures vanquished

Notes
Turn   | Place    | Note
-------+----------+-------------------------------------------
     0 | D:1      | siradein the Minotaur Fighter began the quest for the Orb.
     0 | D:1      | Reached XP level 1. HP: 19/19 MP: 0/0
     6 | D:1      | Noticed a snapping turtle
     6 | D:1      | Noticed a water moccasin
     6 | D:1      | Noticed a scorpion
     7 | D:1      | Noticed a polar bear
     7 | D:1      | Noticed a hound
    99 | D:1      | Reached skill level 3 in Axes
   106 | D:1      | Reached XP level 2. HP: 21/26 MP: 1/1
   193 | D:1      | Found Juann's Armour Shoppe.
   233 | D:1      | Found Luhips's Jewellery Shop.
   306 | D:1      | Reached skill level 4 in Axes
   334 | D:1      | Found Roitarel's General Store.
   373 | D:1      | Reached XP level 3. HP: 31/31 MP: 2/2
   411 | D:1      | Found Uklil's Book Boutique.
   559 | D:1      | Found Zasos's Assorted Antiques.
  1027 | D:2      | Reached skill level 5 in Axes
  1475 | D:2      | Found a runed translucent door.
  1476 | D:2      | Noticed Crazy Yiuf
  1809 | D:3      | Reached XP level 4. HP: 39/39 MP: 3/3
  1957 | D:3      | Found a bloodstained altar of Trog.
  2595 | D:4      | Reached skill level 6 in Axes
  2674 | D:4      | Reached XP level 5. HP: 45/45 MP: 4/4
  2680 | D:4      | Found a runed translucent gate.
  2683 | D:4      | Noticed lightspider's ghost (amateur HOFi)
  2686 | D:4      | Found a runed translucent gate.
  2686 | D:4      | Found a runed translucent gate.
  2933 | D:4      | Killed from afar by an orc priest

Illustrated notes

Levels and vault maps discovered:
D:1:      onia_arrival_zoo_common, layout_basic, serial_shops, shop,
          nicolae_shop_competitors_out_of_business, nicolae_shop_crystal, shop,
          nicolae_shop_trees
D:2:      layout_basic, uniq_crazy_yiuf_cottage
D:3:      layout_loops_corners, trog_butcher_becter
D:4:      layout_gridville, gammafunk_ghost_nasty_kobolds

Skill      XL: |  1  2  3  4 |
---------------+-------------+-----
Axes           | 3 4 5 6 |  6.6
Fighting       | |  3.6
Armour         | |  3.6
Shields        | |  3.6

Action                   |  1- 3 |  4- 6 || total
-------------------------+-------+-------++-------
Melee: War axe           |   120 |    62 ||   182
       Headbutt          |    15 |    10 ||    25
Armor: Scale mail        |    57 |    24 ||    81
Dodge: Dodged            |    32 |    24 ||    56
Block: Kite shield       |    60 |    28 ||    88

Table legend: (Time is in decaauts)
 A = Elapsed time spent in this place.
 B = Non-inter-level travel time spent in this place.
 C = Inter-level travel time spent in this place.
 D = Time resting spent in this place.
 E = Time spent auto-exploring this place.
 F = Levels seen in this place.
 G = Mean time per level.
                   A        B        C        D        E       F      G
               +--------+--------+--------+--------+--------+-----+--------+
         Total |   3023 |   2938 |     85 |      0 |   2405 |   4 |  755.8 |
       Dungeon |   3023 |   2938 |     85 |      0 |   2405 |   4 |  755.8 |
               +--------+--------+--------+--------+--------+-----+--------+

Top non-repeatable levels by time:
     D:2: 1110 daAuts
     D:3: 820 daAuts
     D:1: 661 daAuts
     D:4: 430 daAuts
